AoeStats
← Pretoreproperdon

QS Arena

503431380Analyzed
1v1 RM · 1mo ago on Aug 31, 2026· 32m 45s· 2 players
Game mode
Random Map
Map size
Tiny (2 player)
Population
200
Speed
Normal
Resources
Standard
Victory
Conquest
Starting age
Dark Age
Ending age
Imperial Age
RankedLock teamsTeams togetherTeam positionsShared explorationLock speedFull tech treeHidden civsTurbo modeCheats
Victory
Defeat
🇰🇿 Teutons · Kazakhstan
907
+41
🇲🇽 Khitans · Mexico
872
-14
MrObelius
9:28 Feudal Age
14:05 Castle Age
12:01 Double-Bit Axe
13:21 Domestication
16:14 Fervor
17:20 Bow Saw
21:30 Fletching
21:40 Padded Archer Armor
21:48 Pastoralism
23:58 Elite Skirmisher
25:15 Forging
25:05 Scale Mail Armor
25:13 Scale Barding Armor
25:18 Light Cavalry
26:05 Husbandry
29:34 Imperial Age
28:08 Wheelbarrow
28:13 Chain Mail Armor
29:30 Chain Barding Armor
29:55 Ballistics
30:10 Hussar
30:26 Heavy Cavalry Archer
Pretoreproperdon
9:36 Feudal Age
10:03 Double-Bit Axe
10:01 Horse Collar
11:00 Wheelbarrow
11:39 Gold Mining
14:25 Forging
14:15 Scale Mail Armor
15:18 Fletching
20:14 Castle Age
21:24 Bow Saw
21:33 Hand Cart
21:58 Town Watch
22:16 Heavy Plow
23:05 Iron Casting
22:27 Bodkin Arrow
23:02 Squires
25:48 Chain Mail Armor
25:36 Town Patrol
26:36 Masonry
28:14 Ballistics
28:16 Stone Mining
28:17 Elite Skirmisher
30:18 Stone Shaft Mining
Connection lost

Rejoining the realm…

Still unreachable

The connection could not be restored.

Session expired

The server has moved on; the page needs a fresh start.